 Dungeon Crawl Stone Soup version 0.22.1-2-g9c5b331383 (webtiles) character file.

903 Peloso the Slasher (level 7, -1/61 HPs)
             Began as a Minotaur Fighter on Jan 7, 2019.
             Slain by an ice beast (10 damage)
             ... on level 5 of the Dungeon.
             The game lasted 00:05:53 (3449 turns).

Peloso the Slasher (Minotaur Fighter)               Turns: 3449, Time: 00:05:54

Health: -1/61      AC: 10    Str: 21    XL:     7   Next: 80%
Magic:  6/6        EV:  9    Int:  5    God:
Gold:   167        SH: 10    Dex: 11    Spells: 6/6 levels left

rFire    + . .     SeeInvis .   a - +0 long sword
rCold    x . .     Gourm    .   c - +0 shield
rNeg     . . .     Faith    .   b - +0 scale mail
rPois    .         Spirit   .   (helmet restricted)
rElec    .         Reflect  .   (no cloak)
rCorr    .         Harm     .   o - +0 pair of gloves
MR       .....                  g - +0 pair of boots
Stlth    ..........             (no amulet)
HPRegen  0.20/turn              s - ring of fire
MPRegen  0.10/turn              (no ring)

@: no status effects
A: retaliatory headbutt, horns 2
a: no special abilities


You were on level 5 of the Dungeon.
You were hungry.

You visited 1 branch of the dungeon, and saw 5 of its levels.

You collected 167 gold pieces.

Inventory:

Hand Weapons
 a - a +0 long sword (weapon)
Armour
 b - a +0 scale mail (worn)
 c - a +0 shield (worn)
 g - a +0 pair of boots (worn)
 o - a +0 pair of gloves (worn)
Jewellery
 q - an uncursed ring of stealth {unknown}
 s - a ring of fire (left hand)
Wands
 d - a wand of flame (5)
 p - a wand of random effects (17)
Scrolls
 e - a scroll of identify {unknown}
 i - 3 scrolls of teleportation {unknown}
 k - a scroll of amnesia {unknown}
Potions
 h - 3 potions of curing {unknown}
 j - a potion of lignification {unknown}
 l - a potion of berserk rage {unknown}
 m - a potion of brilliance {unknown}
 n - a potion of resistance {unknown}
 r - a potion of mutation {unknown}
Comestibles
 f - 7 rations


   Skills:
 + Level 5.0 Fighting
 + Level 7.3 Long Blades
 + Level 5.6 Armour
 + Level 2.8 Dodging
 + Level 0.5 Stealth
 + Level 5.5 Shields
 + Level 1.0 Evocations


You had 6 spell levels left.
You didn't know any spells.
Your spell library was empty.

Dungeon Overview and Level Annotations

Branches:
Dungeon (5/15)
 Temple: D:4-7

Altars:
Gozag
Kikubaaqudgha
Nemelex Xobeh
Sif Muna


Innate Abilities, Weirdness & Mutations

You reflexively headbutt those who attack you in melee.
You have a pair of horns on your head.


Message History

The ice beast is lightly wounded.
You barely miss the ice beast. Your headbutt misses the ice beast.
The ice beast is lightly wounded.
The ice beast hits you but does no damage.
You closely miss the ice beast.
The ice beast is lightly wounded.
The ice beast barely misses you.
You riposte.
You hit the ice beast. You headbutt the ice beast!
The ice beast is heavily wounded.
You hit the ice beast.
The ice beast is heavily wounded.
The ice beast barely misses you.
You riposte.
You barely miss the ice beast. Your headbutt misses the ice beast.
The ice beast is heavily wounded.
You hit the ice beast. Your headbutt misses the ice beast.
The ice beast is severely wounded.
The ice beast hits you.
* * * LOW HITPOINT WARNING * * *
The ice beast freezes you!
You feel a terrible chill!
You die...

#.........#
#.........#.
#...........
#...........
#.......#
#...<...#
####..###
#Y.# #@##
#)# #.# #.#
#?# #.. #..
...


You could see an ice beast.

Vanquished Creatures
  Grinder (D:3)
  Sigmund (D:2)
  An ogre (D:5)
  A howler monkey (D:4)
  2 hounds (D:4)
  4 orc wizards (D:3)
  Terence (D:2)
  4 worker ants (D:4)
  A howler monkey skeleton (D:4)
  6 adders
  An ooze (D:3)
  2 worms (D:2)
  3 leopard geckos
  3 orcs (D:3)
  2 bats
  2 giant cockroaches (D:2)
  5 goblins
  5 hobgoblins
  6 jackals
  A quokka (D:3)
  2 ball pythons
  3 frilled lizards
  7 kobolds
  A quokka skeleton (D:4)
  6 rats
71 creatures vanquished.

Vanquished Creatures (others)
  An orc wizard (D:3)
1 creature vanquished.

Grand Total: 72 creatures vanquished

Notes
Turn   | Place    | Note
-------+----------+-------------------------------------------
     0 | D:1      | Peloso the Minotaur Fighter began the quest for the Orb.
     0 | D:1      | Reached XP level 1. HP: 19/19 MP: 0/0
   779 | D:2      | Reached XP level 2. HP: 24/27 MP: 1/1
   781 | D:2      | Reached skill level 3 in Long Blades
   867 | D:2      | Noticed Terence
   875 | D:2      | Killed Terence
   875 | D:2      | Reached XP level 3. HP: 29/33 MP: 2/2
   930 | D:2      | Reached skill level 4 in Long Blades
  1026 | D:2      | Found a faded altar of an unknown god.
  1046 | D:2      | Noticed Sigmund
  1059 | D:2      | Killed Sigmund
  1059 | D:2      | Reached skill level 5 in Long Blades
  1059 | D:2      | Reached skill level 1 in Dodging
  1059 | D:2      | Reached XP level 4. HP: 14/41 MP: 3/3
  1059 | D:2      | Reached XP level 5. HP: 16/47 MP: 4/4
  1391 | D:2      | Found an ancient bone altar of Kikubaaqudgha.
  1614 | D:3      | Found a deep blue altar of Sif Muna.
  1675 | D:3      | Noticed Grinder
  1675 | D:3      | Paralysed by Grinder for 3 turns
  1689 | D:3      | Paralysed by Grinder for 6 turns
  1703 | D:3      | Killed Grinder
  1703 | D:3      | Reached skill level 5 in Armour
  1703 | D:3      | Reached skill level 5 in Shields
  1703 | D:3      | Reached XP level 6. HP: 15/55 MP: 5/5
  1937 | D:3      | Reached skill level 6 in Long Blades
  2203 | D:3      | Reached XP level 7. HP: 45/60 MP: 6/6
  2888 | D:4      | Reached skill level 1 in Evocations
  2898 | D:4      | Reached skill level 7 in Long Blades
  2954 | D:4      | Found a sparkling altar of Nemelex Xobeh.
  2954 | D:4      | Found an opulent altar of Gozag.
  3435 | D:5      | Entered Level 5 of the Dungeon
  3445 | D:5      | Reached skill level 5 in Fighting
  3449 | D:5      | Slain by an ice beast

Skill      XL: |  1  2  3  4  5  6  7 |
---------------+----------------------+-----
Long Blades    | 3 5 6 7 |  7.3
Shields        | 4 5 |  5.5
Fighting       | 4 5 |  5.0
Armour         | 4 5 |  5.6
Dodging        | 1 2 |  2.8
Evocations     | 1 |  1.0
Stealth        | |  0.5

Action                   |  1- 3 |  4- 6 |  7- 9 || total
-------------------------+-------+-------+-------++-------
Melee: Long sword        |    74 |    45 |    86 ||   205
       Headbutt          |    15 |     9 |    14 ||    38
Evoke: Wand              |       |    10 |     1 ||    11
  Use: Potion            |     1 |       |       ||     1
  Eat: Chunk             |     1 |     1 |     2 ||     4
       Ration            |       |     1 |       ||     1
Armor: Scale mail        |    37 |    16 |    42 ||    95
Dodge: Dodged            |    23 |    14 |    32 ||    69
Block: Shield            |    33 |    21 |    47 ||   101
       Rpst.: Long sword |     9 |     1 |    11 ||    21
